Map: Ulrena

Players

Hyoyeon

  • Race: Protoss Protoss
  • League: Master

Miszu - Winner!

  • Race: Terran Terran
  • League: Master

VOD

Have the link to the VOD?

Description

Time

  • Played on: May 2, 2016, 3:30 p.m.
  • Length: 9:35
Show
View Real Time Build Order
Export as new Build Order

Hyoyeon Protoss 

Build Orders: 1 Gate Expand 

Get SALT Encoding   

  12  0:00  Probe (Chrono Boost)  
  13  0:11  Probe (Chrono Boost)  
  14  0:18  Pylon  
  14  0:22  Probe (Chrono Boost)  
  15  0:36  Probe (Chrono Boost)  
  15  0:39  Gateway  
  16  0:45  Assimilator  
  16  0:46  Probe (Chrono Boost)  
  17  0:57  Probe (Chrono Boost)  
  18  1:08  Probe (Chrono Boost)  
  19  1:24  Nexus  
  19  1:28  Probe (Chrono Boost)  
  20  1:40  Cybernetics Core  
  20  1:41  Probe (Chrono Boost)  
  21  1:47  Assimilator  
  21  1:52  Probe (Chrono Boost)  
  22  1:58  Pylon  
  22  2:02  Probe (Chrono Boost)  
  23  2:16  Stalker (Chrono Boost), Probe (Chrono Boost)  
  23  2:17  Warp Gate  
  26  2:31  Robotics Facility  
  26  2:32  Probe (Chrono Boost)  
  26  2:35  Probe (Chrono Boost)  
  28  2:46  Probe (Chrono Boost)  
  28  2:47  Probe (Chrono Boost)  
  30  2:57  Mothership Core (Chrono Boost)  
  32  2:58  Pylon  
  32  2:59  Probe (Chrono Boost)  
  33  3:18  Probe (Chrono Boost)  
  33  3:19  Probe (Chrono Boost)  
  35  3:21  Immortal (Chrono Boost)  
  39  3:34  Gateway  
  39  3:35  Gateway  
  39  3:42  Pylon  
  39  3:46  Adept (Chrono Boost)  
  41  3:48  Probe  
  41  3:50  Probe  
  41  3:54  Pylon  
  43  3:58  Immortal (Chrono Boost)  
  47  4:18  Gateway x2  
  47  4:22  Pylon  
  47  4:25  Probe  
  47  4:26  Probe  
  47  4:29  Sentry  
  51  4:31  Sentry  
  51  4:32  Stalker  
  51  4:35  Warp Prism (Chrono Boost)  
  57  4:47  Probe  
  57  4:48  Probe  
  59  4:54  Adept x2  
  59  4:56  Adept  
  59  4:59  Probe  
  65  5:01  Probe  
  65  5:02  Pylon  
  68  5:07  Observer (Chrono Boost)  
  68  5:24  Adept x3  
  68  5:25  Adept x2  
  64  5:45  Adept x3  
  64  5:46  Adept x2  
  54  5:51  Mothership Core  
  54  5:52  Adept x4  
  54  5:53  Adept  
  54  5:56  Probe  
  57  6:02  Immortal (Chrono Boost)  
  61  6:07  Assimilator x2  
  61  6:08  Probe  
  62  6:13  Adept x2  
  66  6:19  Probe  
  66  6:20  Stalker, Probe  
  70  6:29  Probe  
  72  6:32  Probe  
  72  6:35  Sentry  
  72  6:39  Warp Prism (Chrono Boost)  
  76  6:40  Probe  
  76  6:47  Nexus  
  78  6:50  Pylon  
  77  6:54  Stalker x3  
  77  6:57  Stalker  
  85  7:03  Pylon  
  85  7:13  Twilight Council  
  85  7:15  Forge  
  85  7:40  Adept x5  
  85  8:00  Stalker x2  
  85  8:01  Stalker x3  
  85  8:02  Immortal (Chrono Boost)  
  89  8:12  Probe  
  89  8:13  Probe x2  
  92  8:23  Gateway  
  92  8:24  Adept x2  
  92  8:25  Pylon  
  96  8:39  Adept x3  
  101  8:53  Stalker x2  
  105  8:56  Observer  
  77  9:28  Adept x2  
  38  9:33  Adept x2  
Show
View Real Time Build Order
Export as new Build Order

Miszu Terran - Winner!

Build Orders: MMM Bio 

Get SALT Encoding   

  12  0:00  SCV  
  13  0:12  SCV  
  14  0:17  Supply Depot  
  14  0:25  SCV  
  15  0:41  Barracks  
  15  0:42  SCV  
  16  0:54  SCV  
  17  1:06  SCV  
  19  1:28  Marine, Command Center, Orbital Command  
  19  1:41  Supply Depot  
  19  1:46  Marine  
  20  1:53  Barracks, SCV  
  21  2:03  Barracks  
  21  2:08  Marine  
  21  2:12  SCV  
  23  2:24  SCV  
  23  2:26  Marine  
  25  2:30  Refinery  
  25  2:31  Refinery  
  25  2:40  SCV, Orbital Command  
  25  2:41  Marine  
  25  2:44  Marine  
  27  2:50  Marine  
  29  2:53  SCV  
  30  3:00  Barracks Tech Lab  
  30  3:01  Marine  
  30  3:04  Orbital Command  
  30  3:05  SCV  
  32  3:08  Marine  
  32  3:12  Supply Depot  
  33  3:17  SCV  
  33  3:19  Marine  
  35  3:20  Marine, Stimpack  
  35  3:27  Marine  
  36  3:29  SCV x2  
  39  3:37  Supply Depot, Marine  
  39  3:39  Marine  
  39  3:41  SCV x2  
  42  3:45  Factory  
  43  3:49  Marine  
  43  3:53  SCV x2  
  43  3:54  Supply Depot  
  46  4:00  Supply Depot  
  46  4:05  Marauder, SCV x2  
  46  4:09  Marine  
  51  4:16  Bunker  
  51  4:17  SCV x2  
  51  4:20  Marine  
  54  4:25  Marine  
  54  4:27  Refinery  
  54  4:28  Supply Depot  
  54  4:29  SCV  
  56  4:31  SCV  
  56  4:36  Starport  
  57  4:38  Factory Reactor  
  57  4:39  Marine  
  57  4:41  Marine  
  57  4:43  SCV  
  57  4:45  SCV  
  61  4:53  Supply Depot  
  61  4:54  Marine  
  61  4:55  SCV  
  61  4:57  Marine  
  61  4:58  SCV  
  65  5:01  Marine  
  66  5:08  Supply Depot  
  66  5:09  Liberator x2  
  66  5:12  Marauder  
  68  5:15  Marine  
  68  5:19  SCV  
  68  5:49  Marine  
  64  5:50  Marauder  
  64  5:55  Marine  
  64  5:58  Barracks  
  64  5:59  SCV  
  64  6:00  Barracks  
  65  6:06  SCV  
  65  6:07  Marine  
  65  6:11  Medivac x2, Marauder, SCV  
  70  6:18  SCV  
  76  6:25  Supply Depot  
  76  6:26  Combat Shields  
  76  6:27  Barracks Reactor, Barracks Tech Lab  
  76  6:28  SCV  
  76  6:31  Factory Reactor  
  76  6:32  Marauder, SCV  
  79  6:37  Engineering Bay  
  79  6:40  SCV  
  79  6:41  Medivac  
  79  6:45  Refinery  
  79  6:46  Marine, Medivac  
  85  6:47  Marine x2  
  85  6:53  Marine  
  88  7:04  Marine  
  88  7:05  Supply Depot, Marine  
  88  7:06  Supply Depot, Marine  
  88  7:07  Marauder  
  88  7:08  Terran Infantry Weapons Level 1  
  93  7:09  Widow Mine x2  
  97  7:17  Concussive Shells  
  97  7:19  Liberator  
  97  7:20  Marine  
  97  7:21  Marauder  
  97  7:22  Marine  
  101  7:23  Marine x2  
  101  7:28  Supply Depot, Marine  
  101  7:29  Supply Depot  
  107  7:38  Marine  
  107  7:40  Marine  
  107  7:41  Marine  
  107  7:42  Marauder  
  99  7:59  Marine x2, Marauder  
  99  8:00  Marine x2  
  99  8:04  Marine  
  99  8:05  Medivac, Widow Mine x2  
  110  8:15  SCV  
  110  8:17  Marine x3  
  110  8:19  Marine  
  115  8:20  Marine  
  115  8:22  Marine, Command Center  
  117  8:33  Supply Depot  
  117  8:35  Marine x2  
  119  8:45  Marauder  
  121  8:49  Marauder  
  121  8:55  Marine  
  123  8:56  Marine x3  
  123  8:58  Medivac x2  
  131  9:06  Marauder  
Tags
 
Composition
MMM Bio
Matchup
PvT
Add a new tag
Caveats
  • Supply blocks, unpowered buildings, or Contaminate may cause inaccurate times.
  • Supply counts are checked every 10 seconds.